 Dungeon Crawl Stone Soup version 0.30.0-29-ga12c61a403 (webtiles) character file.

Game seed: 1160807079326441977

857 qw the Chopper (level 8, 0/48 HPs)
             Began as a Gargoyle Fighter on June 5, 2023.
             Slain by a wight
             ... wielding a +2 long sword
              (8 damage)
             ... on level 5 of the Dungeon.
             The game lasted 00:01:52 (3682 turns).

qw the Chopper (Gargoyle Fighter)                   Turns: 3682, Time: 00:01:53

Health: 0/48       AC: 22    Str: 22    XL:     8   Next: 2%
Magic:  8/8        EV:  6    Int:  9    God:
Gold:   313        SH:  4    Dex:  9    Spells: 7/7 levels left

rFire   . . .        Y - +1 war axe (freeze)
rCold   . . .        c - +0 buckler
rNeg    + . .        f - +0 plate armour
rPois   inf          l - +0 helmet
rElec   +            (no cloak)
rCorr   .            (no gloves)
SInv    .            (no boots)
Will    .....        (no amulet) Stlth
                     h - +4 ring of slaying {mikee}
HPRegen 0.28/turn    q - +4 ring of protection
MPRegen 0.11/turn

%: no passive effects
@: about to teleport
A: sickness immunity, AC +5, negative energy resistance 1, electricity
resistance, torment resistance 1, petrification resistance
a: no special abilities


You were on level 5 of the Dungeon.
You visited 1 branch of the dungeon, and saw 5 of its levels.

You collected 313 gold pieces.


Innate Abilities, Weirdness & Mutations

You are immune to sickness and miasma.
Your stone body is resilient. (AC +5)
You are immune to poison.
You resist negative energy. (rN+)
You are resistant to electric shocks. (rElec)
You are resistant to unholy torment.
You are immune to petrification.


   Skills:
 + Level 4.8 Fighting
 - Level 7.2 Axes
 - Level 4.4 Armour
 - Level 3.2 Shields


You had 7 spell levels left.
You didn't know any spells.
Your spell library was empty.

Inventory:

Hand Weapons
 k - a +0 flail
 Y - a +1 war axe of freezing (weapon)
Armour
 c - a +0 buckler (worn)
 f - a +0 plate armour (worn)
 l - a +0 helmet (worn)
Jewellery
 h - a +4 ring of slaying (left hand) {mikee}
 q - a +4 ring of protection (right hand)
Scrolls
 e - 3 scrolls of teleportation
 m - a scroll of enchant armour {unknown}
 o - a scroll of identify
Potions
 a - 2 potions of attraction {unknown}
 b - a potion of curing
 d - 2 potions of might
 g - a potion of lignification {unknown}
 i - a potion of mutation {unknown}
 j - a potion of heal wounds {unknown}
 n - a potion of ambrosia {unknown}

Dungeon Overview and Level Annotations

Branches:
Dungeon (5/15)
 Temple: D:4-7

Altars:
Cheibriados
Qazlal
Wu Jian


Message History

You hit the wight but do no damage. The wight hits you with a +0 falchion.
The wight closely misses you.
You hit the wight but do no damage.
The wight is heavily damaged.
You barely miss the wight. The wight completely misses you.
You block the wight's attack. x2
The wight hits you but does no damage.
You barely miss the wight.
The wight is heavily damaged.
You hit the wight. The wight hits you but does no damage.
The wight barely misses you.
You barely miss the wight.
The wight is heavily damaged.
You closely miss the wight.
The wight hits you but does no damage. x2
You closely miss the wight.
The wight is heavily damaged.
You barely miss the wight. The wight hits you with a +0 falchion.
The wight hits you with a +2 long sword.
You closely miss the wight.
The wight is heavily damaged.
You slash the wight! The wight hits you with a +0 falchion.
The wight hits you but does no damage.
You hit the wight.
The wight is almost destroyed.
You hit the wight but do no damage. The wight hits you but does no damage.
The wight hits you with a +2 long sword!
The wight hits you but does no damage. x2
You slash the wight!
You destroy the wight!
You hit the wight.
The wight hits you with a +2 long sword!
You have reached level 8!
You feel clever.
3682 ||| READING 4 scrolls of teleportation.
As you read the scroll of teleportation, it crumbles to dust.
You feel strangely unstable.
The wight hits you with a +2 long sword!
You die...

#.....## ##...#
####..# ##....#
##.## #.....#
#..#####....##
##.........##
#......##...###
#.....####....##
........#
##....#
#.##...##
#.@..:# #. ##..#
#z)...# . #..#
....##..# ##
##........# #.#
.....#..# ##
....##.[# ....
#..# ### #...


You could see a wight.

Vanquished Creatures
  Grinder (D:5)
  An orc warrior (D:5)
  A phantom (D:4)
  A scorpion (D:4)
  2 wights (D:5)
  A jelly (D:4)
  2 hounds
  An orc priest (D:4)
  A sleepcap (D:4)
  4 gnolls (D:3)
  4 adders
  6 worms
  A dart slug (D:3)
  20 orcs
  6 ball pythons
  A bat (D:3)
  4 endoplasms
  2 giant cockroaches
  8 goblins
  6 hobgoblins
  2 jackals (D:2)
  3 kobolds
  6 rats
84 creatures vanquished.

Notes
Turn   | Place    | Note
-------+----------+-------------------------------------------
     0 | D:1      | qw the Gargoyle Fighter began the quest for the Orb.
     0 | D:1      | Reached XP level 1. HP: 14/14 MP: 1/1
     0 | D:1      | 0 ||| qw: Version: 0.2-a-108-gee2c290
     0 | D:1      | 0 ||| qw: Game counter: 1330
     0 | D:1      | 0 ||| qw: Always use a shield: true
     0 | D:1      | 0 ||| qw: God list: Okawaru
     0 | D:1      | 0 ||| qw: Allow faded altars: false
     0 | D:1      | 0 ||| qw: Do Orc after D:15 true
     0 | D:1      | 0 ||| qw: Do second Lair branch before Depths: true
     0 | D:1      | 0 ||| qw: Lair rune preference: random
     0 | D:1      | 0 ||| qw: Plans: Normal, Zot:1-4, Slime:5, God:TSO, Crypt,
                  | Tomb, Abyss, Pan, Hells, Win
     0 | D:1      | 0 ||| PLANNING D:1-11
    94 | D:1      | Reached skill level 2 in Axes
   205 | D:1      | Reached XP level 2. HP: 19/19 MP: 2/2
   610 | D:1      | 610 ||| UPGRADING to +0 plate armour.
   620 | D:1      | 620 ||| DROPPING +0 scale mail.
   621 | D:1      | 621 ||| READING scroll labelled DAUKIU WUOBEGHIR.
   626 | D:1      | 626 ||| READING scroll labelled MUMPAC FISICVI.
  1015 | D:2      | Reached skill level 3 in Axes
  1015 | D:2      | Reached XP level 3. HP: 19/23 MP: 3/3
  1037 | D:2      | 1037 ||| Stepping ~*~*~tactically~*~*~ (stealth).
  1040 | D:2      | 1040 ||| Stepping ~*~*~tactically~*~*~ (hiding).
  1315 | D:2      | 1315 ||| UPGRADING to +0 helmet.
  1320 | D:2      | 1320 ||| UPGRADING to +4 ring of slaying {mikee}.
  1321 | D:2      | 1321 ||| READING scroll labelled OCEAL LIQUTRA.
  1322 | D:2      | 1322 ||| READING scroll labelled EMITAF WEEMAL.
  1376 | D:3      | Identified the +7 rapier of Beihasiu {flame, Str+6 Int+2}
  1444 | D:3      | Found a faded altar of an unknown god.
  1568 | D:3      | 1568 ||| Stepping ~*~*~tactically~*~*~ (stealth).
  1576 | D:3      | 1576 ||| Stepping ~*~*~tactically~*~*~ (stealth).
  1581 | D:3      | 1581 ||| Stepping ~*~*~tactically~*~*~ (stealth).
  1590 | D:3      | Reached XP level 4. HP: 23/28 MP: 4/4
  1595 | D:3      | 1595 ||| FLEEEEING.
  1600 | D:3      | Reached skill level 4 in Axes
  1600 | D:3      | 1600 ||| FLEEEEING.
  1601 | D:3      | 1601 ||| FLEEEEING.
  1602 | D:3      | 1602 ||| FLEEEEING.
  1661 | D:3      | 1661 ||| Stepping ~*~*~tactically~*~*~ (stealth).
  1662 | D:3      | 1662 ||| Stepping ~*~*~tactically~*~*~ (stealth).
  1686 | D:3      | 1686 ||| Stepping ~*~*~tactically~*~*~ (hiding).
  1696 | D:3      | 1696 ||| FLEEEEING.
  1697 | D:3      | 1697 ||| FLEEEEING.
  1698 | D:3      | 1698 ||| FLEEEEING.
  1699 | D:3      | 1699 ||| FLEEEEING.
  1700 | D:3      | 1700 ||| FLEEEEING.
  1701 | D:3      | 1701 ||| FLEEEEING.
  1705 | D:3      | 1705 ||| FLEEEEING.
  1706 | D:3      | 1706 ||| FLEEEEING.
  1707 | D:3      | 1707 ||| FLEEEEING.
  1710 | D:3      | 1710 ||| FLEEEEING.
  1711 | D:3      | 1711 ||| FLEEEEING.
  1720 | D:3      | 1720 ||| DROPPING +0 club.
  1724 | D:3      | Reached XP level 5. HP: 32/32 MP: 5/5
  1951 | D:3      | 1951 ||| Stepping ~*~*~tactically~*~*~ (hiding).
  2062 | D:3      | Found an ornate altar of the Wu Jian Council.
  2062 | D:3      | Found a stormy altar of Qazlal.
  2063 | D:3      | 2063 ||| Stepping ~*~*~tactically~*~*~ (stealth).
  2066 | D:3      | 2066 ||| Stepping ~*~*~tactically~*~*~ (hiding).
  2074 | D:3      | Reached skill level 5 in Axes
  2293 | D:3      | 2293 ||| READING scroll labelled GIKLETWO KAWK.
  2294 | D:3      | 2294 ||| READING scroll labelled LIUCSA ATELUGH.
  2420 | D:4      | 2420 ||| DROPPING +0 mace.
  2438 | D:4      | Reached XP level 6. HP: 20/38 MP: 6/6
  2464 | D:4      | 2464 ||| FLEEEEING.
  2465 | D:4      | 2465 ||| FLEEEEING.
  2466 | D:4      | 2466 ||| FLEEEEING.
  2467 | D:4      | 2467 ||| FLEEEEING.
  2601 | D:4      | 2601 ||| DROPPING +0 whip of venom.
  2686 | D:4      | Reached skill level 6 in Axes
  3183 | D:4      | Found a snail-covered altar of Cheibriados.
  3184 | D:4      | 3184 ||| UPGRADING to +4 ring of protection.
  3185 | D:4      | 3185 ||| READING scroll labelled RAOSMI AQUORIUW.
  3186 | D:4      | 3186 ||| READING scroll labelled TAIXOU EMAIRCH.
  3187 | D:4      | 3187 ||| READING scroll labelled ZIOWIS HANA.
  3188 | D:4      | 3188 ||| DRINKING 2 dark potions.
  3340 | D:5      | Entered Level 5 of the Dungeon
  3342 | D:5      | Noticed an orc warrior
  3346 | D:5      | 3346 ||| Stepping ~*~*~tactically~*~*~ (hiding).
  3355 | D:5      | Killed an orc warrior
  3356 | D:5      | Reached XP level 7. HP: 43/43 MP: 7/7
  3356 | D:5      | 3356 ||| Stepping ~*~*~tactically~*~*~ (stealth).
  3489 | D:5      | Noticed Grinder
  3499 | D:5      | Killed Grinder
  3500 | D:5      | Reached skill level 7 in Axes
  3681 | D:5      | HP: 7/44 [wight/+2 long sword (10)]
  3682 | D:5      | Reached XP level 8. HP: 8/48 MP: 8/8
  3682 | D:5      | 3682 ||| READING 4 scrolls of teleportation.
  3682 | D:5      | Slain by a wight

Levels and vault maps discovered:
D:1:      dpeg_arrival_long_road, layout_loops_cross, minmay_tripent
D:2:      layout_loops_cross, minmay_3d_cube
D:3:      layout_loops_ring, jmf_multi_god_temple,
          shapermc_ecumenical_altar_ellora
D:4:      layout_layer_cave, cheibrodos_worm_habitat
D:5:      layout_layer_cave, nicolae_gozag_cash_rules_everything_around_me,
          ebering_ghost_disaster_area, uniq_grinder, uniq_blork_the_orc,
          uniq_crazy_yiuf_cottage

Skill      XL: |  1  2  3  4  5  6  7 |
---------------+----------------------+-----
Axes           | 2 3 4 5 6 7 |  7.2
Fighting       | 4 |  4.8
Armour         | 4 |  4.4
Shields        | |  3.2

Action                     |  1- 3 |  4- 6 |  7- 9 || total
---------------------------+-------+-------+-------++-------
  Melee: War axe           |    77 |   121 |    22 ||   220
    Use: Scroll            |     4 |     5 |     1 ||    10
         Potion            |       |     1 |       ||     1
 Armour: Scale mail        |     4 |       |       ||     4
         Plate armour      |    37 |    66 |    13 ||   116
  Dodge: Dodged            |    12 |    21 |     7 ||    40
  Block: Buckler           |    13 |    17 |     3 ||    33

Table legend:
 A = Non-vault XP
 B = Vault XP
 C = Vault XP percentage of total XP
 D = Non-vault monster count
 E = Vault monster count
 F = Vault count percentage of total count
                 A         B        C        D         E       F
            +---------+---------+-------+---------+---------+-------
      Total |     923 |     302 |  24.7 |      76 |       8 |   9.5
            +---------+---------+-------+---------+---------+-------
        D:1 |      11 |       4 |  26.7 |       6 |       2 |  25.0
        D:2 |      34 |       3 |   8.1 |      12 |       2 |  14.3
        D:3 |     193 |       4 |   2.0 |      33 |       2 |   5.7
        D:4 |     338 |       5 |   1.5 |      15 |       1 |   6.2
        D:5 |     347 |     286 |  45.2 |      10 |       1 |   9.1
            +---------+---------+-------+---------+---------+-------
